Map: Blackpink LE

Players

lionzion

  • Race: Protoss Protoss
  • League: Gold
  • Spawn Location: 7:00

ILIEKEGGPIE

  • Race: Protoss Protoss
  • League: Platinum
  • Spawn Location: 1:00

VOD

Have the link to the VOD?

Description

Time

  • Played on: April 12, 2018, 12:01 a.m.
  • Length: 4:08
Show
View Real Time Build Order
Export as new Build Order

lionzion Protoss 

Build Orders: Cannon Rush 

Get SALT Encoding   

  12  0:01  Probe (Chrono Boost)  
  13  0:13  Probe (Chrono Boost)  
  14  0:20  Pylon  
  14  0:21  Probe (Chrono Boost)  
  15  0:38  Probe, Forge  
  16  0:50  Probe  
  17  1:03  Probe  
  18  1:26  Pylon  
  18  1:28  Pylon  
  18  1:44  Photon Cannon  
  18  1:46  Photon Cannon  
  18  1:53  Photon Cannon  
  18  2:00  Photon Cannon  
  18  2:22  Probe  
  19  2:24  Nexus  
  19  2:26  Pylon  
  19  2:34  Probe  
  19  2:36  Assimilator  
  20  2:46  Gateway, Probe  
  21  2:56  Pylon  
  21  2:58  Probe  
  22  3:10  Probe  
  23  3:14  Gateway  
  23  3:23  Probe  
  23  3:25  Assimilator  
  24  3:28  Photon Cannon  
  24  3:35  Probe  
  24  3:39  Cybernetics Core  
  25  3:41  Probe  
  25  3:47  Probe (Chrono Boost)  
  28  3:59  Probe x2 (Chrono Boost)  
Show
View Real Time Build Order
Export as new Build Order

ILIEKEGGPIE Protoss 

Build Orders:  

Get SALT Encoding   

  12  0:01  Probe  
  13  0:13  Probe  
  14  0:22  Pylon  
  14  0:31  Probe (Chrono Boost)  
  16  0:43  Probe (Chrono Boost)  
  16  0:50  Gateway  
  16  0:52  Probe (Chrono Boost)  
  17  1:01  Assimilator  
  17  1:03  Probe  
  18  1:16  Probe  
  19  1:30  Pylon  
  19  1:31  Probe  
  20  1:35  Zealot (Chrono Boost)  
  22  1:46  Cybernetics Core  
  22  1:50  Gateway  
  22  2:14  Probe (Chrono Boost)  
  23  2:18  Assimilator  
  24  2:24  Probe (Chrono Boost)  
  24  2:29  Probe (Chrono Boost)  
  24  2:31  Stalker  
  27  2:37  Pylon  
  27  2:47  Probe  
  28  2:55  Pylon  
  28  2:59  Stalker, Probe  
  31  3:12  Stalker  
  33  3:23  Gateway  
  33  3:24  Pylon  
  33  3:27  Robotics Facility  
  33  3:32  Pylon  
  33  3:55  Nexus  
Tags
 
Matchup
PvP
Replay Pack
Multi
Spawn Locations
Cross Positions
Add a new tag
Caveats
  • Supply blocks, unpowered buildings, or Contaminate may cause inaccurate times.
  • Supply counts are checked every 10 seconds.